[Event "January 2 Late 2024"]
[Site "https://www.chess.com"]
[Date "2024.01.02"]
[Round "9"]
[White "Mahdavi, Reza"]
[Black "Hakobyan, Aram"]
[Result "1-0"]
[Board "13"]
[TimeControl "180+1"]
[WhiteFideId "12595926"]
[BlackFideId "13306677"]
[WhiteElo "2868"]
[BlackElo "3012"]
[WhiteTeam "IRI"]
[BlackTeam "ARM"]
[WhiteClock "0:00:10"]
[BlackClock "0:00:04"]

1. e4 c5 2. Nf3 Nc6 3. d4 cxd4 4. Nxd4 e5 5. Nb5 a6 6. Nd6+ Bxd6 7. Qxd6 Qf6 8. Qd1 Qg6 9. Nc3 d5 10. Nxd5 Qxe4+ 11. Be3 Nd4 12. Nc7+ Ke7 13. Nxa8 Nxc2+ 14. Kd2 Bf5 15. Rc1 Nxe3 16. Rc7+ Kf6 17. fxe3 Nh6 18. Ke1 Rxa8 19. Be2 Qxe3 20. Qd6+ Be6 21. Rf1+ Kg6 22. Rc3 Nf5 23. Rxf5 Qd4 24. Qxe5 Qg1+ 25. Rf1 Qxh2 26. Qxh2 1-0

[Event "January 2 Late 2024"]
[Site "https://www.chess.com"]
[Date "2024.01.02"]
[Round "9"]
[White "Remizov, Yaroslav"]
[Black "Van Foreest, Jorden"]
[Result "0-1"]
[Board "14"]
[TimeControl "180+1"]
[WhiteFideId "34134015"]
[BlackFideId "1039784"]
[WhiteElo "2844"]
[BlackElo "2999"]
[WhiteTeam "RUS"]
[BlackTeam "NED"]
[WhiteClock "0:00:00"]
[BlackClock "0:00:52"]

1. e4 e5 2. Nf3 Nc6 3. Bc4 Nf6 4. Ng5 d5 5. exd5 Na5 6. Bb5+ Bd7 7. Qe2 Bd6 8. Bxd7+ Qxd7 9. Nc3 O-O 10. Nge4 Nxe4 11. Qxe4 f5 12. Qa4 Qxa4 13. Nxa4 c6 14. Nc3 Rac8 15. dxc6 Nxc6 16. d3 Nd4 17. Kd1 Bb4 18. Be3 Bxc3 19. bxc3 Rxc3 20. Bxd4 exd4 21. Re1 Rfc8 22. Re2 Kf7 23. Rb1 b6 24. Rb4 Rd8 25. Rb3 Kf6 26. Kd2 Rc5 27. f4 Rdc8 28. Rb2 h6 29. g3 g5 30. fxg5+ hxg5 31. Ke1 Re5 32. Rxe5 Kxe5 33. Kd2 f4 34. Rb5+ Kf6 35. gxf4 gxf4 36. Rd5 Rg8 37. Rxd4 Rg2+ 38. Kc3 Kf5 39. Rd7 f3 40. Rf7+ Kg4 41. d4 Rxh2 42. d5 Rh5 43. d6 Rd5 44. d7 Kg3 45. Kc4 Rd6 46. Kb5 f2 47. Rg7+ Kf3 48. Rf7+ Ke2 49. Re7+ Kf1 50. Ka6 Rd4 51. Kxa7 Kg2 52. Rg7+ Kf3 53. Rf7+ Kg3 54. Rg7+ Kh4 55. Rh7+ Kg5 56. Rf7 Rxd7+ 57. Rxd7 f1=Q 58. Kxb6 Qb1+ 59. Kc7 Qxc2+ 60. Kd6 Qxa2 61. Re7 Kf6 62. Re4 Qd2+ 63. Kc5 Kf5 64. Re7 Qc3+ 65. Kd5 Qd3+ 66. Kc6 Kf6 67. Re8 Qd4 68. Rc8 Ke7 69. Rc7+ Ke6 70. Kb7 Qb4+ 71. Kc6 Qc4+ 72. Kb6 Qb3+ 73. Kc6 Qb4 74. Rb7 Qc4+ 75. Kb6 Kd6 76. Ka7 Qa4+ 77. Kb6 Qb4+ 78. Ka7 Qa5+ 79. Kb8 Kc6 80. Rh7 Qd8+ 81. Ka7 Qd4+ 82. Ka8 Qa1+ 83. Kb8 Qb1+ 0-1

[Event "January 2 Late 2024"]
[Site "https://www.chess.com"]
[Date "2024.01.02"]
[Round "9"]
[White "Panchenko, Dmitry"]
[Black "Svane, Rasmus"]
[Result "0-1"]
[Board "15"]
[TimeControl "180+1"]
[WhiteFideId "4169158"]
[BlackFideId "4657101"]
[WhiteElo "2826"]
[BlackElo "2989"]
[WhiteTeam "RUS"]
[BlackTeam "GER"]
[WhiteClock "0:00:00"]
[BlackClock "0:00:08"]

1. e4 c6 2. d4 d5 3. exd5 cxd5 4. Bd3 Nc6 5. c3 Nf6 6. h3 g6 7. Qc2 Bg7 8. Nf3 Qc7 9. O-O Nh5 10. Re1 Nf4 11. Bxf4 Qxf4 12. Nbd2 O-O 13. Re3 Bd7 14. Rae1 Rac8 15. Qd1 Qd6 16. Ne5 Nxe5 17. dxe5 Qb6 18. Nb3 Ba4 19. Bc2 Bxb3 20. Bxb3 e6 21. Rg3 Rfd8 22. Rg4 Qc7 23. Qe2 a6 24. h4 Qc5 25. h5 b5 26. a3 Rc7 27. Rh4 d4 28. cxd4 Rxd4 29. Rh3 Qe7 30. h6 Bf8 31. Re3 Bxh6 32. Rd3 Rxd3 33. Qxd3 Bg7 34. f4 h5 35. Qd4 Qh4 36. Qf2 Qd8 37. Rd1 Rd7 38. Rxd7 Qxd7 39. Qe3 Bh6 40. g3 Qd8 41. Kg2 Qa8+ 42. Kh2 Qc6 43. Bd1 Qc4 44. Bf3 h4 45. Kh3 hxg3 46. Kxg3 Kg7 47. b3 Qc2 48. b4 Qb2 49. Be4 Qa1 50. Bg2 Qb2 51. Bf3 Qc2 52. Bg2 Qc7 53. Bf3 Qd8 54. Bg4 Qd5 55. Bf3 Qd8 56. Bg4 Kg8 57. Bh3 Bf8 58. Bg2 a5 59. bxa5 Qxa5 60. Bc6 Qa6 61. Be8 Bxa3 62. Bxb5 Qxb5 63. Qxa3 Qb8 64. Qe7 Qf8 65. Qc7 Kg7 66. Kg4 Qa3 67. Qc6 Qa1 68. Kg3 Qg1+ 69. Kh3 Qf2 70. Qe4 Qf1+ 71. Kg3 Qg1+ 72. Kh3 Qd1 73. Kg3 Qh5 74. Kf2 Qf5 75. Qe3 g5 76. Kg3 Qxf4+ 77. Qxf4 gxf4+ 78. Kxf4 Kh6 79. Kg4 Kg6 80. Kf4 Kh5 0-1

[Event "January 2 Late 2024"]
[Site "https://www.chess.com"]
[Date "2024.01.02"]
[Round "9"]
[White "Kamsky, Gata"]
[Black "Czarnota, Pawel"]
[Result "1/2-1/2"]
[Board "16"]
[TimeControl "180+1"]
[WhiteFideId "2000024"]
[BlackFideId "1121219"]
[WhiteElo "2966"]
[BlackElo "2844"]
[WhiteTeam "USA"]
[BlackTeam "POL"]
[WhiteClock "0:00:15"]
[BlackClock "0:00:52"]

1. d4 Nf6 2. Bf4 g6 3. c3 Bg7 4. Nf3 O-O 5. h3 d6 6. Nbd2 c5 7. dxc5 dxc5 8. e4 b6 9. Bc4 Bb7 10. Qe2 e6 11. O-O Nc6 12. Ba6 Qc8 13. Bxb7 Qxb7 14. a4 Rfd8 15. Nc4 Na5 16. Nxa5 bxa5 17. Rfe1 a6 18. Qc2 c4 19. Qe2 Rac8 20. Bg5 h6 21. Bxf6 Bxf6 22. Rad1 Qb3 23. e5 Bg7 24. Nd4 Qxa4 25. Ra1 Qe8 26. Rxa5 Rd5 27. Rxd5 exd5 28. f4 Rb8 29. Kh1 Rb6 30. Qf2 Qb8 31. Re2 a5 32. e6 fxe6 33. Nxe6 Bf6 34. Kh2 Qd6 35. Nd4 Rb7 36. Qg3 Bxd4 37. cxd4 Rf7 38. Re5 Kh7 39. Qf3 Qf6 40. f5 gxf5 41. Qxd5 f4 42. Qe4+ Qg6 43. Qxg6+ Kxg6 44. Rxa5 Rb7 45. Rc5 Rxb2 46. Rxc4 f3 47. Kg3 fxg2 48. Rc1 Rd2 49. Rg1 Rxd4 50. Rxg2 Rd3+ 51. Kh4+ Kh7 52. Rg4 Rd5 53. Kg3 1/2-1/2

[Event "January 2 Late 2024"]
[Site "https://www.chess.com"]
[Date "2024.01.02"]
[Round "9"]
[White "Pakleza, Zbigniew"]
[Black "Grigoriants, Sergey"]
[Result "1-0"]
[Board "17"]
[TimeControl "180+1"]
[WhiteFideId "1119290"]
[BlackFideId "4130804"]
[WhiteElo "2818"]
[BlackElo "2943"]
[WhiteTeam "POL"]
[BlackTeam "HUN"]
[WhiteClock "0:00:05"]
[BlackClock "0:00:02"]

1. d4 Nf6 2. Nf3 d5 3. Bf4 c5 4. c3 e6 5. e3 Bd6 6. Bb5+ Nc6 7. Bxc6+ bxc6 8. Qa4 Bxf4 9. exf4 Qb6 10. Qa3 Rb8 11. b3 cxd4 12. cxd4 Ba6 13. Nc3 Ne4 14. Rc1 f6 15. Nxe4 dxe4 16. Nd2 Kf7 17. Nxe4 Qxd4 18. Nd6+ Kg6 19. Qxa6 Qb4+ 20. Ke2 Qxd6 21. Qd3+ Qxd3+ 22. Kxd3 Rb4 23. Ke3 Re8 24. Rxc6 e5 25. f5+ Kxf5 26. Rc7 Re4+ 27. Kf3 Rd8 28. g3 g5 29. h3 h5 30. Rxa7 Rd3+ 31. Kg2 Re2 32. Rf1 g4 33. hxg4+ hxg4 34. b4 Rb2 35. a3 Rf3 36. Ra5 Rc3 37. b5 Rcc2 38. a4 Kg5 39. Ra8 e4 40. Re8 f5 41. Rg8+ Kf6 42. Re8 Rd2 43. Rf8+ Kg5 44. Re8 Re2 45. Re7 Kf6 46. Re8 e3 47. b6 Rxf2+ 48. Rxf2 Rxf2+ 49. Kg1 Rb2 50. a5 f4 51. gxf4 Kf5 52. Rxe3 Kxf4 53. Ra3 Rb1+ 54. Kg2 Rb2+ 55. Kf1 Rb1+ 56. Ke2 g3 57. Ra4+ Kf5 58. Kf3 Rb3+ 59. Kg2 Kg5 60. a6 1-0

[Event "January 2 Late 2024"]
[Site "https://www.chess.com"]
[Date "2024.01.02"]
[Round "9"]
[White "Yoo, Christopher Woojin"]
[Black "Lysyj, Igor"]
[Result "0-1"]
[Board "18"]
[TimeControl "180+1"]
[WhiteFideId "30909694"]
[BlackFideId "4150120"]
[WhiteElo "2932"]
[BlackElo "2818"]
[WhiteTeam "USA"]
[BlackTeam "FID"]
[WhiteClock "0:00:02"]
[BlackClock "0:00:04"]

1. e4 e5 2. Nf3 Nc6 3. Bc4 Bc5 4. c3 Nf6 5. d4 exd4 6. b4 Bb6 7. a4 a6 8. e5 d5 9. exf6 dxc4 10. Qe2+ Be6 11. fxg7 Rg8 12. Bg5 Qd5 13. Nbd2 d3 14. Qe4 Rxg7 15. Qh4 Ne5 16. Ne4 Nxf3+ 17. gxf3 Qf5 18. Nf6+ Ke7 19. Nd5+ Kd7 20. Nf6+ Kc8 21. f4 d2+ 22. Kd1 Qd3 23. Qg3 h6 24. Qxd3 cxd3 25. Bxh6 Rg2 26. Kxd2 Bxf2 27. Kxd3 b6 28. Ke4 Bh4 29. Bg5 Bxg5 30. fxg5 Rxg5 31. Rag1 Rf5 32. Rf1 Rxf1 33. Rxf1 Kb7 34. h4 a5 35. b5 c6 36. bxc6+ Kxc6 37. h5 Rh8 38. Rh1 Rh6 39. Ke5 Kc5 40. Rh4 b5 41. Ne4+ Kc6 42. axb5+ Kxb5 43. Nd6+ Kc6 44. Ne8 Bb3 45. Nf6 a4 46. Rb4 Kc5 47. Kf5 Rh8 48. Kg5 Ra8 49. Nd7+ Kc6 50. Nb6 Ra5+ 51. Kf6 a3 52. Na4 Rxa4 53. Rxb3 a2 54. h6 a1=Q 55. h7 Rh4 56. Rb8 Qxc3+ 57. Kg5 Qe3+ 58. Kxh4 Qh6+ 59. Kg4 Qxh7 60. Rc8+ Kd7 61. Rc4 Qg6+ 62. Kf4 Qf6+ 63. Kg3 Qg5+ 64. Rg4 Qe5+ 65. Kf3 f6 66. Re4 Qh5+ 67. Ke3 Qg5+ 68. Kf3 f5 69. Ra4 Qh5+ 70. Kg3 Qg5+ 71. Kf3 Ke6 72. Ra6+ Kf7 73. Ra7+ Kg6 74. Ra4 Qc1 75. Ra6+ Kg5 76. Ra2 Qc3+ 77. Kg2 Qc6+ 78. Kg1 Qc5+ 79. Kg2 Qe5 80. Rf2 Qe4+ 81. Kf1 Kg4 82. Rg2+ Kh3 83. Rf2 Kg3 84. Rd2 Qf3+ 85. Ke1 Qe3+ 86. Kd1 Qxd2+ 87. Kxd2 f4 88. Kd1 Kg2 89. Ke1 f3 0-1

[Event "January 2 Late 2024"]
[Site "https://www.chess.com"]
[Date "2024.01.02"]
[Round "9"]
[White "Krzyzanowski, Marcin"]
[Black "Zhigalko, Sergei"]
[Result "0-1"]
[Board "19"]
[TimeControl "180+1"]
[WhiteFideId "1132199"]
[BlackFideId "13502956"]
[WhiteElo "2791"]
[BlackElo "2914"]
[WhiteTeam "POL"]
[BlackTeam "BLR"]
[WhiteClock "0:00:01"]
[BlackClock "0:00:09"]

1. Nf3 d5 2. g3 c6 3. Bg2 Bg4 4. O-O Nd7 5. c4 e6 6. d3 Ngf6 7. Nc3 Be7 8. cxd5 exd5 9. h3 Bh5 10. Nh4 O-O 11. Qc2 d4 12. Nb1 Re8 13. g4 Bg6 14. Nxg6 hxg6 15. Nd2 Bd6 16. Nc4 Bc7 17. Bg5 Qe7 18. Rae1 Ne5 19. Nd2 Qd6 20. f4 Ned7 21. Bh4 Nd5 22. Nc4 Qc5 23. Bg3 N7f6 24. a3 a5 25. Qc1 a4 26. Ne5 Qb5 27. Rf2 Ne3 28. Nc4 g5 29. Nxe3 Rxe3 30. Rff1 Rxg3 31. fxg5 Nd5 32. g6 fxg6 33. Rf3 Rxf3 34. Bxf3 Ne3 35. Kf2 Qg5 36. Rg1 Qh4+ 37. Rg3 Qxg3# 0-1

[Event "January 2 Late 2024"]
[Site "https://www.chess.com"]
[Date "2024.01.02"]
[Round "9"]
[White "Livaic, Leon"]
[Black "Yarar, Bora"]
[Result "1-0"]
[Board "20"]
[TimeControl "180+1"]
[WhiteFideId "14531534"]
[BlackFideId "34588400"]
[WhiteElo "2908"]
[BlackElo "2789"]
[WhiteTeam "CRO"]
[BlackTeam "TUR"]
[WhiteClock "0:00:39"]
[BlackClock "0:00:03"]

1. d4 d5 2. c4 dxc4 3. e3 Nf6 4. Bxc4 e6 5. Nf3 c5 6. O-O cxd4 7. Nxd4 a6 8. b3 Bd6 9. Bb2 O-O 10. Nd2 Qe7 11. Be2 e5 12. N4f3 Rd8 13. Qc2 Nc6 14. Rad1 Bg4 15. h3 Bh5 16. Nc4 Bg6 17. Qc1 Rac8 18. Rxd6 Rxd6 19. Ba3 Ne8 20. Nxd6 Nxd6 21. Rd1 Rd8 22. Qd2 e4 23. Ne1 Nc8 24. Bxe7 Rxd2 25. Rxd2 N8xe7 26. Nc2 h6 27. Rd7 b5 28. Nd4 Bf5 29. Rd6 Nxd4 30. exd4 Be6 31. Rxa6 Nf5 32. Bxb5 Nxd4 33. Bc4 Bf5 34. a4 g5 35. a5 1-0

[Event "January 2 Late 2024"]
[Site "https://www.chess.com"]
[Date "2024.01.02"]
[Round "9"]
[White "Adewumi, Tanitoluwa"]
[Black "Sanal, Vahap"]
[Result "0-1"]
[Board "21"]
[TimeControl "180+1"]
[WhiteFideId "30966396"]
[BlackFideId "6300545"]
[WhiteElo "2730"]
[BlackElo "2900"]
[WhiteTeam "USA"]
[BlackTeam "TUR"]
[WhiteClock "0:00:02"]
[BlackClock "0:01:34"]

1. e4 d6 2. d4 Nf6 3. Nc3 e5 4. Nf3 Nbd7 5. Bc4 Be7 6. O-O O-O 7. Re1 c6 8. a4 h6 9. h3 Re8 10. Be3 exd4 11. Bxd4 Nf8 12. a5 Be6 13. Bd3 Ng6 14. Qd2 Qc7 15. e5 dxe5 16. Bxg6 exd4 17. Nxd4 Bc4 18. Bd3 Bxd3 19. Qxd3 Rad8 20. Qc4 Bd6 21. a6 b5 22. Rxe8+ Nxe8 23. Qxc6 Bh2+ 24. Kf1 b4 25. Ncb5 Qf4 26. Re1 Nf6 27. Nf3 g5 28. g3 Bxg3 29. fxg3 Qf5 30. Kg2 Rc8 31. Nd6 Qxc2+ 32. Qxc2 Rxc2+ 33. Kg1 Rxb2 34. Re7 Ra2 35. Rxf7 b3 36. Rb7 b2 37. Ne1 Nd5 38. Kf1 Nc3 39. Nc4 b1=Q 40. Rxb1 Nxb1 41. Nd3 Rxa6 42. Nde5 Ra2 43. h4 Nd2+ 44. Ke1 Nxc4 45. Nxc4 gxh4 46. gxh4 Ra4 47. Nd6 Rxh4 48. Nf5 Rh5 49. Ng3 Re5+ 50. Kd2 a5 51. Kd3 Kg7 52. Kd4 Kf6 53. Nf1 h5 54. Nd2 h4 55. Nf3 Rh5 56. Nh2 h3 57. Ke4 a4 58. Ng4+ Kg7 0-1

[Event "January 2 Late 2024"]
[Site "https://www.chess.com"]
[Date "2024.01.02"]
[Round "9"]
[White "Brodsky, David"]
[Black "Riff, Vincent"]
[Result "1-0"]
[Board "22"]
[TimeControl "180+1"]
[WhiteFideId "2073250"]
[BlackFideId "617776"]
[WhiteElo "2888"]
[BlackElo "2702"]
[WhiteTeam "USA"]
[BlackTeam "FRA"]
[WhiteClock "0:00:05"]
[BlackClock "0:00:02"]

1. e4 c5 2. Nf3 Nc6 3. d4 cxd4 4. Nxd4 e5 5. Nb5 d6 6. N1c3 a6 7. Na3 b5 8. Nd5 Nge7 9. Bd3 Nxd5 10. exd5 Ne7 11. c4 g6 12. O-O Bg7 13. cxb5 O-O 14. Re1 f5 15. Qb3 f4 16. Bd2 Nf5 17. Nc2 Qg5 18. b6 Nh4 19. Bf1 Bf5 20. Nb4 Rab8 21. Nc6 Rb7 22. Kh1 Qh5 23. Bxa6 f3 24. g3 Rbf7 25. b7 Ng2 26. b8=Q Nxe1 27. Rxe1 Qh3 28. Rg1 Rxb8 29. Qxb8+ Bf8 30. Qb4 Bg4 31. Bf1 Qh5 32. a4 Rf5 33. h4 g5 34. Kh2 gxh4 35. Bh3 Bxh3 36. Qxh4 Qxh4 37. gxh4+ Bg2 38. a5 Rh5 39. Rxg2+ fxg2 40. a6 Rxh4+ 41. Kxg2 Ra4 42. Ba5 Rg4+ 43. Kf1 Rg7 44. a7 Rxa7 45. Nxa7 Kf7 46. Nc6 Ke8 47. b4 Kd7 48. b5 Kc8 49. Ke2 Kb7 50. Kf3 Bh6 51. Kg4 Bc1 52. Kh5 e4 53. Bb4 Bf4 54. Nd4 Kb6 55. Nf5 Kxb5 56. Bxd6 Bxd6 57. Nxd6+ Kc5 58. Nxe4+ Kxd5 59. f3 Ke5 60. Kh6 Kf4 61. Nd2 Ke3 62. Kxh7 Kf4 63. Kh6 Ke3 64. Kg5 1-0

[Event "January 2 Late 2024"]
[Site "https://www.chess.com"]
[Date "2024.01.02"]
[Round "9"]
[White "Makarian, Rudik"]
[Black "Bardyk, Artem"]
[Result "1-0"]
[Board "23"]
[TimeControl "180+1"]
[WhiteFideId "44105681"]
[BlackFideId "34349979"]
[WhiteElo "3011"]
[BlackElo "2733"]
[WhiteTeam "FID"]
[BlackTeam "RUS"]
[WhiteClock "0:00:46"]
[BlackClock "0:00:01"]

1. d4 d5 2. c4 c6 3. Nf3 Nf6 4. Nc3 a6 5. g3 g6 6. cxd5 cxd5 7. Bg2 Bg7 8. O-O O-O 9. Ne5 e6 10. e4 Nxe4 11. Nxe4 dxe4 12. Bxe4 Nd7 13. Bf4 Nf6 14. Bg2 Nd5 15. Bd2 Bd7 16. Qb3 Rb8 17. Rac1 Ne7 18. Bb4 Re8 19. Bd6 Ba4 20. Qb4 Bb5 21. Rfe1 Rc8 22. Bxe7 Qxe7 23. Qxe7 Rxc1 24. Qxf7+ 1-0

[Event "January 2 Late 2024"]
[Site "https://www.chess.com"]
[Date "2024.01.02"]
[Round "9"]
[White "Matlakov, Maxim"]
[Black "Rastbod, Ali"]
[Result "1-0"]
[Board "24"]
[TimeControl "180+1"]
[WhiteFideId "4168003"]
[BlackFideId "12567477"]
[WhiteElo "2961"]
[BlackElo "2738"]
[WhiteTeam "RUS"]
[BlackTeam "IRI"]
[WhiteClock "0:00:46"]
[BlackClock "0:00:09"]

1. d4 g6 2. Nf3 Bg7 3. g3 c5 4. dxc5 Na6 5. Bg2 Nxc5 6. O-O d6 7. c4 Bg4 8. h3 Bf5 9. Nc3 Qc8 10. Kh2 Ne4 11. Nd4 Nxc3 12. bxc3 Bd7 13. Rb1 Rb8 14. Nb5 Bxb5 15. cxb5 b6 16. Bc6+ Kf8 17. c4 Nf6 18. a4 Nd7 19. f4 Nc5 20. e4 Qc7 21. Be3 a5 22. Qc2 Bf6 23. Rbe1 Kg7 24. g4 h6 25. Kg2 g5 26. e5 dxe5 27. fxg5 Bxg5 28. Bxg5 hxg5 29. Rxf7+ Kxf7 30. Qf5+ Kg7 31. Qxg5+ Kh7 32. Rxe5 Rbg8 33. Rxe7+ Qxe7 34. Qxe7+ Rg7 35. Qh4+ Kg6 36. Qxh8 1-0

[Event "January 2 Late 2024"]
[Site "https://www.chess.com"]
[Date "2024.01.02"]
[Round "9"]
[White "Msellek, Ilyass"]
[Black "Kramnik, Vladimir"]
[Result "0-1"]
[Board "25"]
[TimeControl "180+1"]
[WhiteFideId "675938"]
[BlackFideId "4101588"]
[WhiteElo "2749"]
[BlackElo "2961"]
[WhiteTeam "MAR"]
[BlackTeam "RUS"]
[WhiteClock "0:00:00"]
[BlackClock "0:00:46"]

1. d4 Nf6 2. c4 e6 3. Nc3 d5 4. cxd5 exd5 5. Bg5 c6 6. e3 h6 7. Bh4 Be7 8. Bd3 O-O 9. Nf3 Ne4 10. Bxe7 Qxe7 11. Bxe4 dxe4 12. Nd2 f5 13. Nc4 Be6 14. Ne5 Kh7 15. h4 Nd7 16. Nxd7 Qxd7 17. Qc2 Rae8 18. O-O-O Qf7 19. Kb1 f4 20. Ka1 Qg6 21. h5 Qxg2 22. Rhg1 Qf3 23. Qxe4+ Qxe4 24. Nxe4 fxe3 25. fxe3 Bd5 26. Nd6 Rxe3 27. Nxb7 Rh3 28. Nc5 Rxh5 29. Nd7 Rf2 30. Rde1 Rhf5 31. b3 h5 32. Ne5 h4 33. Ng4 Rg2 34. Ne3 Rxg1 35. Rxg1 Rf4 0-1

[Event "January 2 Late 2024"]
[Site "https://www.chess.com"]
[Date "2024.01.02"]
[Round "9"]
[White "Bok, Benjamin"]
[Black "Tanriverdi, Enes"]
[Result "1-0"]
[Board "26"]
[TimeControl "180+1"]
[WhiteFideId "1017063"]
[BlackFideId "34543279"]
[WhiteElo "2931"]
[BlackElo "2706"]
[WhiteTeam "NED"]
[BlackTeam "TUR"]
[WhiteClock "0:00:02"]
[BlackClock "0:00:00"]

1. d4 Nf6 2. c4 e6 3. Nc3 d5 4. cxd5 Nxd5 5. e4 Nxc3 6. bxc3 c5 7. Rb1 cxd4 8. cxd4 Nc6 9. Bb5 Bd6 10. d5 exd5 11. exd5 a6 12. Qa4 O-O 13. dxc6 axb5 14. Qxa8 Qb6 15. Ne2 Bf5 16. Qxb7 Qxb7 17. cxb7 Bxb1 18. O-O Be4 19. Rd1 Bb8 20. Nc3 Bc6 21. Ba3 Re8 22. h3 h6 23. Bd6 Bxb7 24. Nxb5 Rd8 25. Rd2 Bc6 26. Rb2 Bxd6 27. Nxd6 Rxd6 28. Rb6 Rd1+ 29. Kh2 Bd5 30. Rd6 Rd3 31. a4 Bc4 32. Rc6 Bd5 33. Rd6 Be4 34. Rb6 Ra3 35. f3 Bc2 36. Rc6 Bxa4 37. Ra6 Ra2 38. Ra8+ Kh7 39. Ra7 Bb3 40. Rd7 Be6 41. Rd4 Re2 42. h4 h5 43. Kg3 Kg6 44. Rb4 Kf6 45. Rf4+ Kg6 46. Rb4 Rc2 47. Rd4 Rc4 48. Rd6 Kh6 49. Rb6 g5 50. hxg5+ Kxg5 51. Rb5+ Bf5 52. Ra5 h4+ 53. Kh2 Rc2 54. Kg1 Kf4 55. Rb5 Bg6 56. Rb4+ Kg5 57. Rg4+ Kh5 58. Kh2 Bf5 59. Rf4 Be6 60. Re4 h3 61. Re5+ Kg6 62. f4 Rxg2+ 63. Kh1 Kf6 64. Rh5 Rg3 65. Kh2 Rf3 66. Rh4 Kf5 67. Kg1 Rxf4 68. Rh5+ Ke4 69. Rh8 Rg4+ 70. Kh2 Rg2+ 71. Kh1 Kf4 72. Rh4+ Kg5 73. Rh5+ Kg6 74. Rh6+ Kg7 75. Rh7+ Kf8 76. Rxf7+ Kg8 77. Rf8+ Kh7 78. Rh8+ Kg7 79. Rg8+ Kf6 80. Rf8+ Ke7 81. Re8+ Kd7 82. Rxe6 1-0

[Event "January 2 Late 2024"]
[Site "https://www.chess.com"]
[Date "2024.01.02"]
[Round "9"]
[White "Rosen, Eric"]
[Black "Santos Latasa, Jaime"]
[Result "0-1"]
[Board "27"]
[TimeControl "180+1"]
[WhiteFideId "2032562"]
[BlackFideId "2293307"]
[WhiteElo "2702"]
[BlackElo "2910"]
[WhiteTeam "USA"]
[BlackTeam "ESP"]
[WhiteClock "0:00:02"]
[BlackClock "0:01:26"]

1. d4 Nf6 2. Bf4 d5 3. e3 e6 4. Nf3 Bd6 5. Ne5 O-O 6. Nd2 c5 7. c3 Qc7 8. Bd3 a5 9. h4 Nc6 10. Ndf3 a4 11. h5 a3 12. b3 Ne4 13. Qc2 cxd4 14. exd4 f6 15. Nxc6 Bxf4 16. Nb4 Qxc3+ 17. Qxc3 Nxc3 18. Nc2 Bd7 19. g3 Bd6 20. Kd2 Rac8 21. Rhc1 e5 22. Ne3 e4 23. Rxc3 Bb4 24. Nxd5 Bxc3+ 25. Nxc3 exf3 26. Re1 Rfe8 27. Bc4+ Kf8 28. Rxe8+ Bxe8 29. Bd5 Bxh5 30. Bxb7 Rb8 31. Bc6 Bg4 32. d5 h5 33. Ne4 Bf5 34. Nc5 Ke7 35. Ke3 Bb1 36. Ne4 Bxa2 37. d6+ Ke6 38. d7 Bxb3 39. Nc5+ Ke7 40. Nxb3 Rxb3+ 41. Kf4 a2 42. Bd5 Rb4+ 43. Kf5 a1=Q 44. Kg6 Kxd7 45. Kxg7 h4 46. gxh4 Rxh4 47. Bf7 f5+ 48. Kf8 Qa3+ 49. Kg7 Qc3+ 50. Kf8 Rh8+ 51. Bg8 Qf6# 0-1

[Event "January 2 Late 2024"]
[Site "https://www.chess.com"]
[Date "2024.01.02"]
[Round "9"]
[White "Tari, Aryan"]
[Black "Manolache, Marius"]
[Result "1-0"]
[Board "28"]
[TimeControl "180+1"]
[WhiteFideId "1510045"]
[BlackFideId "1201530"]
[WhiteElo "2908"]
[BlackElo "2687"]
[WhiteTeam "NOR"]
[BlackTeam "ROU"]
[WhiteClock "0:01:11"]
[BlackClock "0:01:22"]

1. e4 d6 2. d4 Nf6 3. Nc3 g6 4. Nf3 Bg7 5. Be2 O-O 6. O-O c6 7. a4 a5 8. h3 Na6 9. Be3 Nb4 10. Nd2 b6 11. Ncb1 Ba6 12. Bxa6 Nxa6 13. Na3 Nd7 14. c3 e5 15. Ndc4 exd4 16. Bxd4 d5 17. Bxg7 Kxg7 18. exd5 c5 19. d6 Re8 20. Nb5 Qf6 21. Qd5 Rad8 22. Rae1 h5 23. Nc7 Rxe1 24. Rxe1 Qh4 25. Nxa6 1-0

[Event "January 2 Late 2024"]
[Site "https://www.chess.com"]
[Date "2024.01.02"]
[Round "9"]
[White "Ibarra Jerez, Jose Carlos"]
[Black "Annaberdiyev, Meylis"]
[Result "1-0"]
[Board "29"]
[TimeControl "180+1"]
[WhiteFideId "2226332"]
[BlackFideId "14000563"]
[WhiteElo "2893"]
[BlackElo "2681"]
[WhiteTeam "ESP"]
[BlackTeam "TKM"]
[WhiteClock "0:00:08"]
[BlackClock "0:00:00"]

1. Nf3 d5 2. g3 Nf6 3. Bg2 c6 4. O-O Bg4 5. h3 Bxf3 6. Bxf3 e5 7. d3 Nbd7 8. e4 dxe4 9. dxe4 Bc5 10. Qe2 Qe7 11. a4 h5 12. h4 Nf8 13. c3 a5 14. Nd2 Ne6 15. Nc4 Nd7 16. Bxh5 g5 17. hxg5 Nxg5 18. Bg4 Rg8 19. Kg2 Nf6 20. Bf5 Ne6 21. Qf3 Nd7 22. Rd1 O-O-O 23. Nxa5 Rh8 24. Nc4 Rdg8 25. b4 Qh4 26. Kf1 Qh1+ 27. Qxh1 Rxh1+ 28. Ke2 Rxd1 29. Kxd1 Bxf2 30. Nd6+ Kc7 31. Nxf7 Nef8 32. g4 Rg7 33. Nh6 Nf6 34. Ke2 Bg3 35. Kf3 Be1 36. g5 Nh5 37. Kg4 Nf6+ 38. Kf3 Nh5 39. Ra3 Ng6 40. Bxg6 Rxg6 41. Nf5 Rg8 42. Be3 Rd8 43. Ke2 Bg3 44. Ra1 Bf4 45. Rg1 Bxe3 46. Kxe3 Nf4 47. Nd4 Kc8 48. g6 Rg8 49. g7 Kd7 50. Nf5 Ne6 51. Rd1+ Ke8 52. Rg1 Kd7 53. a5 c5 54. b5 c4 55. a6 bxa6 56. bxa6 Nc5 57. a7 1-0

[Event "January 2 Late 2024"]
[Site "https://www.chess.com"]
[Date "2024.01.02"]
[Round "9"]
[White "Maksimovic, Bojan"]
[Black "Martin Fuentes, Alberto"]
[Result "1-0"]
[Board "30"]
[TimeControl "180+1"]
[WhiteFideId "14408120"]
[BlackFideId "2292289"]
[WhiteElo "2855"]
[BlackElo "2659"]
[WhiteTeam "BIH"]
[BlackTeam "ESP"]
[WhiteClock "0:00:23"]
[BlackClock "0:00:31"]

1. e4 e6 2. d4 d5 3. Nc3 Bb4 4. e5 Ne7 5. a3 Bxc3+ 6. bxc3 b6 7. Qg4 Ng6 8. Bd3 Ba6 9. Bxg6 hxg6 10. h4 Nc6 11. h5 Ne7 12. Rh3 gxh5 13. Rxh5 Rxh5 14. Qxh5 Ng6 15. Nf3 Kd7 16. Bg5 Qh8 17. g4 Qxh5 18. gxh5 Ne7 19. Kd2 Nf5 20. Rh1 c5 21. Be3 cxd4 22. Nxd4 Nxd4 23. cxd4 Rh8 24. Rg1 Rh7 25. Rg5 Bf1 26. Rg1 Bh3 27. a4 Bf5 28. Kc3 Kc6 29. Kb3 Be4 30. Rg3 Bf5 31. c3 Bd3 32. Rh3 Be2 33. h6 gxh6 34. Bxh6 Bd1+ 35. Ka3 Kb7 36. Rh4 Ka6 37. Rh1 Bc2 38. Rh2 Ka5 39. Bf4 Rxh2 40. Bxh2 Bxa4 41. Bf4 Kb5 42. Kb2 Bd1 43. Bg5 Kc4 44. Bd8 b5 45. Ba5 a6 46. Bb4 Kd3 47. Ka3 Ke2 48. Ba5 Kxf2 49. Kb4 Ke3 50. Bb6 Kd3 51. Bd8 Ke4 52. Bh4 Kd3 53. Be1 Ke2 54. Bh4 Kd2 55. Bg5+ Kd3 56. Bd8 Be2 57. Bc7 Ke4 58. Bd8 Kf5 59. Bh4 Kg6 60. Bd8 Kf5 61. Ka5 Ke4 62. Kb4 Kd3 63. Bc7 Kc2 64. Bd8 Kb2 65. Bc7 Kc1 66. Bd8 Kd2 67. Bc7 Ke3 68. Bd8 Kf4 69. Bc7 Kg5 70. Bd8+ Kg6 71. Bh4 Kg7 72. Bf6+ Kf8 73. Ka5 Ke8 74. Kb4 Kd7 75. Ka5 Kc6 76. Bg5 Kb7 77. Bf6 Bc4 78. Be7 Kc7 79. Bb4 Kd7 80. Kxa6 Ke8 81. Kb6 Kd7 82. Kb7 Bd3 83. Kb6 Bc4 84. Ka5 Bd3 85. Bc5 Bc4 86. Kb4 Bd3 87. Bf8 Bc4 88. Bg7 Bd3 89. Bf6 Bc4 90. Kc5 Bd3 91. Bg5 Bc4 92. Bc1 Bd3 93. Kb4 Bc4 94. Ka3 Bd3 95. Kb2 Bc4 96. Kc2 Ke8 97. Ba3 Kd7 98. Bb4 Ke8 99. Kd2 Bb3 100. Ke3 Bc4 101. Kf3 Bb3 102. Kf4 Bc4 103. Kg5 Bb3 104. Kf6 Bc4 105. Kg5 Bb3 106. Kh5 Bc4 107. Kh4 Bb3 108. Kg3 Bc4 109. Kf2 f5 110. Ke1 Kf7 111. Kf2 Kg6 112. Kg3 Kg5 113. Be7+ Kh5 114. Kf4 Kg6 115. Bb4 Kf7 116. Kg5 Ke8 117. Ba3 Kd7 118. Bb4 Kc6 119. Ba3 Kb6 120. Bc1 Kc6 121. Ba3 Kd7 122. Bb4 Kc7 123. Bf8 Kb7 124. Bh6 Ka8 125. Kf6 Ka7 126. Kxe6 Kb7 127. Kd7 b4 128. cxb4 1-0